 Dungeon Crawl Stone Soup version 0.25-a0-424-g80bd347ae0 (webtiles) character file.

Game seed: 8228406942556497203, levelgen mode: deterministic

4 Nattfarinn the Insei (level 1, 0/15 HPs)
             Began as a Merfolk Transmuter on Jan 23, 2020.
             Slain by a kobold
             ... wielding a +0 short sword
              (2 damage)
             ... on level 1 of the Dungeon.
             The game lasted 00:00:25 (77 turns).

Nattfarinn the Insei (Merfolk Transmuter)             Turns: 77, Time: 00:00:25

Health: 0/15       AC:  2    Str: 10    XL:     1   Next: 70%
Magic:  2/3        EV: 13    Int: 12    God:
Gold:   0          SH:  0    Dex: 14    Spells: 3/4 levels left

rFire    . . .     SeeInvis .     - Unarmed
rCold    . . .     Gourm    .   (no shield)
rNeg     . . .     Faith    .   b - +0 robe
rPois    .         Spirit   .   (no helmet)
rElec    .         Reflect  .   (no cloak)
rCorr    .         Harm     .   (no gloves)
MR       .....                  (no boots)
Stlth    +.........             (no amulet)
HPRegen  0.05/turn              (no ring)
MPRegen  0.08/turn              (no ring)

@: appendage
A: change form in water, swift swim, stealthy swim, horns 2
a: End Transformation


You were on level 1 of the Dungeon.
You were not hungry.
You had grown temporary horns.
You visited 1 branch of the dungeon, and saw 1 of its levels.

Inventory:

Missiles
 a - 12 arrows
Armour
 b - a +0 robe (worn)
Comestibles
 c - a chunk of flesh
 d - a ration


   Skills:
 + Level 1.1 Fighting
 + Level 2.8 Dodging
 * Level 3.4 Unarmed Combat
 + Level 2.0 Spellcasting
 * Level 2.9 Transmutations


You had 3 spell levels left.
You knew the following spells:

 Your Spells              Type           Power        Failure   Level  Hunger
a - Beastly Appendage     Tmut           #.....       9%          1    ##.....

Your spell library contained the following spells:

 Spells                   Type           Power        Failure   Level  Hunger
 Sticks to Snakes         Tmut           #.......     12%         2    ###....
 Spider Form              Tmut/Pois      #.........   41%         3    ####...
 Ice Form                 Ice/Tmut       #.......     83%         4    #####..
 Blade Hands              Tmut           #.........   92%         5    ######.


Dungeon Overview and Level Annotations

Branches:
Dungeon (1/15)

Altars:


Innate Abilities, Weirdness & Mutations

You revert to your normal form in water.
You are very nimble and swift while swimming.
You are very stealthy in the water. (Stealth+)
You have a pair of horns on your head.


Message History

You hit the giant cockroach.
You kill the giant cockroach!
The hobgoblin hits you.
The kobold hits you with a +0 short sword.
You are too injured to fight recklessly!
You are too injured to fight recklessly!
Unknown command.
The kobold throws a stone.
The stone misses you.
You hit the kobold but do no damage. The kobold misses you.
You hit the kobold but do no damage.
The kobold hits you with a +0 short sword.
You barely miss the kobold.
The kobold hits you with a +0 short sword.
* * * LOW HITPOINT WARNING * * *
Casting: Beastly Appendage (safe; 9% risk of failure)
Confirm with . or Enter, or press ? or * to list all spells.
You grow a pair of large bovine horns.
The kobold hits you but does no damage.
You hit the kobold but do no damage. Your headbutt misses the kobold.
The kobold hits you with a +0 short sword.
You die...

#.##..#..# #.# .#
#...).#..### #.###.#
###...#....# #.##..#
#<#...#.##.###.##.#
#.###.g...g.......#
+.'.#.(.##K###.#..#
###.######g#
#.#..#######. +#'.# #K#
#.#.......... ##(####@#
#.##.######## +#'(##.#
#.##.# #.###.##.# #.##.#
#......#.###.##.######
........)................
####.....#.##############
#.....#.# ###.###.# ...
..#


You could see 2 hobgoblins and 2 kobolds.

Vanquished Creatures
  A giant cockroach (D:1)
  2 kobolds (D:1)
  2 rats (D:1)
5 creatures vanquished.

Notes
Turn   | Place    | Note
-------+----------+-------------------------------------------
     0 | D:1      | Nattfarinn the Merfolk Transmuter began the quest for the
                  | Orb.
     0 | D:1      | Reached XP level 1. HP: 15/15 MP: 3/3
    77 | D:1      | Slain by a kobold

Levels and vault maps discovered:
D:1:      erik_arrival_triangle_medium, layout_loops_ring, chequers_mini_garden

Action                   || total
-------------------------++-------
Melee: Unarmed           ||    27
 Cast: Beastly Appendage ||     1
Armor: Robe              ||     3
Dodge: Dodged            ||    28

Table legend:
 A = Non-vault XP
 B = Vault XP
 C = Vault XP percentage of total XP
 D = Non-vault monster count
 E = Vault monster count
 F = Vault count percentage of total count
                 A         B        C        D         E       F
            +---------+---------+-------+---------+---------+-------
      Total |       7 |       0 |   0.0 |       5 |       0 |   0.0
            +---------+---------+-------+---------+---------+-------
        D:1 |       7 |       0 |   0.0 |       5 |       0 |   0.0
            +---------+---------+-------+---------+---------+-------
